 Dungeon Crawl Stone Soup version 0.29-a0-1047-g7c58e119a4 (webtiles) character file.

Game seed: 11728300805633649042

71 leavemydog the Conjurer (level 4, -8/24 HPs)
             Began as a Deep Elf Conjurer on Aug 16, 2022.
             Mangled by Blork the orc
             ... wielding a +2 long sword of protection
              (13 damage)
             ... on level 4 of the Dungeon.
             The game lasted 00:03:09 (2882 turns).

leavemydog the Conjurer (Deep Elf Conjurer)         Turns: 2882, Time: 00:03:10

Health: -8/24      AC:  4    Str:  4    XL:     4   Next: 5%
Magic:  3/11       EV: 12    Int: 25    God:
Gold:   117        SH:  0    Dex: 13    Spells: 3/10 levels left

rFire   . . .      SeeInvis .   m - +3 whip
rCold   . . .      Faith    .   (no shield)
rNeg    . . .      Spirit   .   a - +0 robe
rPois   .          Reflect  .   (no helmet)
rElec   .          Harm     .   (no cloak)
rCorr   .          Rampage  .   e - +1 pair of gloves
Will    .....                   (no boots)
Stlth   ++........              (no amulet)
HPRegen 0.08/turn               p - ring of wizardry
MPRegen 0.12/turn               (no ring)

@: no status effects
A: deterioration 1, wild magic 1
a: no special abilities


You were on level 4 of the Dungeon.
You visited 1 branch of the dungeon, and saw 4 of its levels.

You collected 117 gold pieces.

Inventory:

Hand Weapons
 m - a +3 whip (weapon)
Missiles
 s - 4 javelins
Armour
 a - a +0 robe (worn)
 e - a +1 pair of gloves (worn)
Jewellery
 p - a ring of wizardry (left hand)
Scrolls
 f - a scroll of teleportation {unknown}
 k - a scroll of brand weapon {unknown}
 l - a scroll of vulnerability {unknown}
 q - a scroll of enchant weapon {unknown}
 r - a scroll of poison {unknown}
Potions
 b - a potion of magic
 c - a potion of invisibility
 d - a potion of cancellation {unknown}
 g - a potion of curing
 h - a potion of degeneration {unknown}
 i - a potion of ambrosia {unknown}
 j - 2 potions of brilliance
 n - 2 potions of might
 o - 2 potions of haste {unknown}


   Skills:
 - Level 2.4 Dodging
 - Level 2.4 Stealth
 + Level 3.7 Spellcasting
 + Level 5.9 Conjurations


You had 3 spell levels left.
You knew the following spells:

 Your Spells              Type           Power      Damage    Failure   Level
a - Magic Dart            Conj           100%       1d8       1%          1
b - Searing Ray           Conj           88%        2d7       1%          2
c - Iskenderun's Mystic   Conj/Tloc      25%        2d7       16%         4

Your spell library contained the following spells:

 Spells                   Type           Power      Damage    Failure   Level
 Dazzling Flash           Conj/Hex       50%        N/A       5%          3
 Mephitic Cloud           Conj/Pois/Air  18%        N/A       8%          3
 Call Imp                 Summ           6%         N/A       9%          2
 Fulminant Prism          Conj/Hex       12%        3d9       16%         4
 Summon Lightning Spire   Summ/Air       6%         N/A       41%         4
 Malign Gateway           Summ/Tloc      3%         N/A       100%        7
 Storm Form               Tmut/Air       3%         N/A       100%        7
 Maxwell's Capacitive Co  Air            3%         ∞         100%        8
 Summon Horrible Things   Summ           3%         N/A       100%        8


Dungeon Overview and Level Annotations

Branches:
Dungeon (4/15)
 Temple: D:4-7

Altars:
Gozag

Annotations:
D:3 2 transporters, olaf's ghost, amateur GnWn
D:4 Blork the orc


Innate Abilities, Weirdness & Mutations

Your body sometimes deteriorates upon taking damage.
Your spells are a little harder to cast, but a little more powerful.


Message History

Blork the orc is lightly wounded.
Casting: Magic Dart (safe; 1% risk of failure)
Confirm with . or Enter, or press ? or * to list all spells.
You can't see any susceptible monsters within range! (Use Z to cast anyway.)
The magic dart hits Blork the orc.
Blork the orc is lightly wounded.
Casting: Magic Dart (safe; 1% risk of failure)
Confirm with . or Enter, or press ? or * to list all spells.
Aiming: Searing Ray (safe; 1% risk of failure)
Press: ? - help, Shift-Dir - straight line, f/p - Blork the orc
Aim: Blork the orc, wielding a +2 long sword of protection and wearing a +0 robe (lightly wounded, fast, 84% to hit)
The searing ray hits Blork the orc.
Blork the orc is moderately wounded. (Press . to maintain the ray.)
The searing ray misses Blork the orc.
Blork the orc hits you with a +2 long sword of protection.
The searing ray hits Blork the orc.
Blork the orc is moderately wounded.
Blork the orc hits you with a +2 long sword of protection!
The searing ray hits Blork the orc.
Blork the orc is moderately wounded.
You finish channelling your searing ray.
Blork the orc casts a spell at you. The magic dart hits you.
* * * LOW HITPOINT WARNING * * *
Blork the orc hits you but does no damage.
You feel better.
Blork the orc hits you with a +2 long sword of protection!
* * * LOW HITPOINT WARNING * * *
Okay, then.
Casting: Searing Ray (safe; 1% risk of failure)
Confirm with . or Enter, or press ? or * to list all spells.
Okay, then.
Casting: Searing Ray (safe; 1% risk of failure)
Confirm with . or Enter, or press ? or * to list all spells.
You don't have enough magic to cast this spell.
Blork the orc attacks as you move away!
Blork the orc hits you with a +2 long sword of protection!
Ouch! That really hurt!
You die...

##+#+#.#
#......#
#......#
#..(...#
#...<..#
##.###.#
#.....#
####..# #.@#
#..o......
...........
###.########
#.# #.# #.
#.


You could see Blork the orc (fast).

Vanquished Creatures
  3 adders (D:2)
  5 orcs (D:3)
  3 bats
  An endoplasm (D:3)
  A giant cockroach (D:2)
  3 hobgoblins
  3 quokkas
  3 ball pythons
  4 frilled lizards
  4 goblins
  5 kobolds
  6 rats
41 creatures vanquished.

Notes
Turn   | Place    | Note
-------+----------+-------------------------------------------
     0 | D:1      | leavemydog the Deep Elf Conjurer began the quest for the
                  | Orb.
     0 | D:1      | Reached XP level 1. HP: 10/10 MP: 6/6
   494 | D:1      | Reached XP level 2. HP: 15/15 MP: 4/8
   497 | D:1      | Learned a level 2 spell: Searing Ray
   666 | D:1      | Found a faded altar of an unknown god.
   867 | D:2      | Reached skill level 5 in Conjurations
  1206 | D:2      | Reached XP level 3. HP: 19/19 MP: 3/9
  1845 | D:2      | Gained mutation: Your magical capacity is low. (-10% MP)
                  | [potion of mutation]
  1845 | D:2      | Gained mutation: You are partially covered in iridescent
                  | scales. (AC +2) [potion of mutation]
  1846 | D:2      | Lost mutation: Your magical capacity is low. (-10% MP)
                  | [potion of mutation]
  1846 | D:2      | Lost mutation: You are partially covered in iridescent
                  | scales. (AC +2) [potion of mutation]
  1846 | D:2      | Gained mutation: Your body sometimes deteriorates upon
                  | taking damage. [potion of mutation]
  1846 | D:2      | Gained mutation: Your spells are a little harder to cast,
                  | but a little more powerful. [potion of mutation]
  2512 | D:3      | Found a transporter.
  2515 | D:3      | Noticed olaf's ghost (amateur GnWn)
  2516 | D:3      | Found a transporter.
  2537 | D:3      | Reached XP level 4. HP: 24/24 MP: 9/11
  2582 | D:3      | Found an opulent altar of Gozag.
  2815 | D:3      | Learned a level 4 spell: Iskenderun's Mystic Blast
  2872 | D:4      | Noticed Blork the orc
  2882 | D:4      | Mangled by Blork the orc

Illustrated notes

Levels and vault maps discovered:
D:1:      dpeg_arrival_tiny_j, layout_loops_ring,
          shapermc_ecumenical_altar_acropolis
D:2:      layout_basic
D:3:      layout_basic, lemuel_coloured_pillars_altar, gammafunk_ghost_mausoleum
D:4:      layout_basic, mainiacjoe_overflow_brackets, uniq_blork_the_orc,
          uniq_grinder

Skill      XL: |  1  2 |
---------------+-------+-----
Conjurations   | 5 |  5.9
Dodging        | |  2.4
Stealth        | |  2.4
Spellcasting   | |  3.7

Action                   |  1- 3 |  4- 6 || total
-------------------------+-------+-------++-------
 Cast: Magic Dart        |    69 |     7 ||    76
       Searing Ray       |       |     1 ||     1
  Use: Scroll            |     4 |     1 ||     5
       Potion            |     2 |     1 ||     3
Armor: Robe              |     1 |     1 ||     2
Dodge: Dodged            |     2 |       ||     2

Table legend: (Time is in decaauts)
 A = Elapsed time spent in this place.
 B = Non-inter-level travel time spent in this place.
 C = Inter-level travel time spent in this place.
 D = Time resting spent in this place.
 E = Time spent auto-exploring this place.
 F = Levels seen in this place.
 G = Mean time per level.
                   A        B        C        D        E       F      G
               +--------+--------+--------+--------+--------+-----+--------+
         Total |   2880 |   2751 |    129 |    130 |   2428 |   4 |  720.0 |
       Dungeon |   2880 |   2751 |    129 |    130 |   2428 |   4 |  720.0 |
               +--------+--------+--------+--------+--------+-----+--------+

Top non-repeatable levels by time:
     D:2: 1044 daAuts
     D:3: 969 daAuts
     D:1: 825 daAuts
     D:4: 40 daAuts
